 Dungeon Crawl Stone Soup version 0.23.0-3-gf3c87f2 (webtiles) character file.

Game seed: 13625518239406615773

6118 Folque the Geomancer (level 10, -12/73 HPs)
             Began as a Red Draconian Earth Elementalist on Feb 20, 2019.
             Was a High Priest of Sif Muna.
             Mangled by a skeletal warrior
             ... wielding a +3 halberd
             ... led by a skeletal warrior
              (13 damage)
             ... on level 11 of the Dungeon.
             The game lasted 00:47:13 (9156 turns).

Folque the Geomancer (DrEE)                         Turns: 9156, Time: 00:47:13

Health: -12/73     AC:  9    Str: 11    XL:     10   Next: 59%
Magic:  1/17       EV: 15    Int: 19    God:    Sif Muna [*****.]
Gold:   751        SH:  0    Dex: 16    Spells: 1/19 levels left

rFire    + . .     SeeInvis .   k - +4 dagger
rCold    . . .     Gourm    .   (no shield)
rNeg     . . .     Faith    .   (armour unavailable)
rPois    +         Spirit   .   (helmet restricted)
rElec    .         Reflect  .   r - +1 cloak
rCorr    .         Harm     .   (no gloves)
MR       .....                  (no boots)
Stlth    +++.......             (no amulet)
HPRegen  0.22/turn              F - +5 ring of dexterity
MPRegen  0.15/turn              M - ring of poison resistance

@: hasted, divine energy, very quick
A: breathe fire, unfitting armour, fire resistance 1, cold-blooded, AC +7
a: Breathe Fire, Stop Divine Energy, Channel Magic, Forget Spell, Renounce
Religion


You were on level 11 of the Dungeon.
You worshipped Sif Muna.
Sif Muna was extremely pleased with you.
You were very hungry.

You visited 1 branch of the dungeon, and saw 11 of its levels.
You also visited: Sewer and Ossuary.

You collected 751 gold pieces.

Inventory:

Hand Weapons
 g - a +0 hand axe of flaming
 k - a +4 dagger (weapon)
 v - a +0 whip of venom
 I - a +0 whip
Missiles
 b - 245 stones (quivered)
 f - 56 poisoned needles
 m - 23 tomahawks
Armour
 e - a +0 shield
 r - a +1 cloak (worn)
Jewellery
 F - a +5 ring of dexterity (left hand)
 M - a ring of poison resistance (right hand)
Wands
 p - a wand of flame (31)
 x - a wand of random effects (9)
 z - a wand of enslavement (1)
 B - a wand of iceblast (10)
 C - a wand of paralysis (7)
Scrolls
 a - a scroll of summoning {unknown}
 d - 5 scrolls of remove curse
 h - a scroll of teleportation
 s - a scroll of enchant weapon {unknown}
 u - 3 scrolls of magic mapping {unknown}
 y - 2 scrolls of amnesia
 D - 3 scrolls of blinking {unknown}
 E - a scroll of enchant armour {unknown}
 G - a scroll of identify
 J - a scroll of random uselessness {unknown}
Potions
 j - 3 potions of brilliance
 l - 4 potions of curing
 n - 2 potions of ambrosia
 o - 3 potions of invisibility
 q - a potion of flight {unknown}
 t - a potion of mutation {unknown}
 w - 2 potions of haste
 A - 3 potions of lignification {unknown}
 H - a potion of magic {unknown}
 K - a potion of resistance {unknown}
 L - 2 potions of agility {unknown}
Comestibles
 c - 15 rations


   Skills:
 - Level 2.0 Fighting
 - Level 4.0 Short Blades
 + Level 4.7 Dodging
 - Level 5.0 Stealth
 - Level 5.2 Spellcasting
 - Level 6.3 Conjurations
 - Level 2.0 Hexes
 - Level 4.0 Transmutations
 + Level 9.5 Earth Magic
 + Level 4.0 Invocations


You had one spell level left.
You knew the following spells:

 Your Spells              Type           Power        Failure   Level  Hunger
a - Sandblast             Erth           #####.       1%          1    None
b - Passwall              Tmut/Erth      ####....     1%          2    #......
c - Stone Arrow           Conj/Erth      #####.       1%          3    ##.....
d - Lee's Rapid Deconstr  Erth           #####.....   7%          5    ######.
e - Petrify               Tmut/Erth      ####....     8%          4    ####...
f - Dazzling Spray        Conj/Hex       ###...       7%          3    ##.....

Your spell library contained the following spells:

 Spells                   Type           Power        Failure   Level  Hunger
 Magic Dart               Conj           ####         1%          1    None
 Searing Ray              Conj           ####..       1%          2    #......
 Iskenderun's Mystic Bla  Conj           ####....     9%          4    ####...
 Fulminant Prism          Conj/Hex       ###.......   22%         4    ####...
 Force Lance              Conj/Tloc      ###.....     32%         4    ####...
 Animate Dead             Necr           N/A          77%         4    ####...
 Agony                    Necr           #.......     98%         5    ######.


Dungeon Overview and Level Annotations

Branches:
Dungeon (10/15)            Temple (0/1) D:4             Orc (0/2) D:10
   Lair: D:8-11

Altars:
Dithmenos
Elyvilon
Gozag
Makhleb
Qazlal
Ru
Sif Muna
Trog
Zin

Shops:
D:5 (   D:9 *


Innate Abilities, Weirdness & Mutations

You can breathe blasts of fire.
Your fiery red scales are hard. (AC +7)
You cannot fit into any form of body armour.
Your flesh is heat resistant. (rF+)
You are cold-blooded and may be slowed by cold attacks.


Message History

Press: ? - help, Dir - move target cursor, f/p - white ugly thing Fragment what (e.g. wall or brittle monster)?: a white ugly thing (lightly wounded, petrified)
An open door.
The white ugly thing shatters!!
The white ugly thing is moderately wounded.
The blast of petrified fragments hits the skeletal warrior!
The skeletal warrior is severely damaged.
Sif Muna grants you divine energy.
You briefly lose access to your magic!
You hear a shout!
You regain access to your magic.
The white ugly thing is no longer petrified.
Casting: Lee's Rapid Deconstruction (safe; 7% risk of failure)
Confirm with . or Enter, or press ? or * to list all spells.
Okay, then.
You feel yourself speed up. The white ugly thing engulfs you.
The white ugly thing freezes you!!
* * * LOW HITPOINT WARNING * * *
The skeletal warrior hits you from afar with a +3 halberd!
You die...

#.# #..# #.# #.## #.# #.#
#####+########'###
#.........##......
###.########......
#.........##......
#.#######.#.......
########@......#.........
+......'u#####.#.##......
########z)...#...########
##)######## #)#### #.).)#
####)# .z. .....


You could see a white ugly thing and a skeletal warrior.

Vanquished Creatures
  A troll (D:9)
  A hornet (D:8)
  2 hippogriffs (D:9)
  Eustachio (D:6)
  A water elemental (D:11)
  A hungry ghost (D:11)
  An ice beast (D:5)
  A black bear (D:7)
  3 orc warriors
  4 sky beasts
  2 phantoms
  2 hornet zombies
  2 eyes of draining
  8 ogres
  2 centaurs (D:7)
  A crocodile (D:10)
  An elf zombie (Ossuary)
  A gnoll sergeant (D:8)
  6 bullfrogs
  3 scorpions
  4 howler monkeys
  5 crimson imps
  A centaur zombie (D:7)
  2 bullfrog zombies
  2 centaur skeletons
  4 hounds
  5 orc wizards
  2 orc priests
  2 bullfrog skeletons
  Ijyb (D:4)
  3 iguanas
  7 worker ants
  3 big kobold zombies (Ossuary)
  A hound zombie (D:10)
  2 hound skeletons
  2 mummies (Ossuary)
  15 adders
  10 gnolls
  A howler monkey skeleton (D:5)
  A shadow imp (D:10)
  12 oozes
  An adder skeleton (D:7)
  3 worms (D:4)
  A dart slug (D:2)
  9 leopard geckos
  31 orcs
  9 bats
  15 giant cockroaches
  7 goblins
  6 hobgoblins
  21 jackals
  9 quokkas
  19 ball pythons
  6 frilled lizards (Sewer)
  A giant cockroach zombie (D:5)
  5 goblin zombies (Ossuary)
  3 hobgoblin zombies (Ossuary)
  A jackal skeleton (D:4)
  A jackal zombie (D:5)
  8 kobolds
  A leopard gecko skeleton (D:8)
  A leopard gecko zombie (D:5)
  2 orc zombies (Ossuary)
  2 quokka skeletons
  10 rats
301 creatures vanquished.

Vanquished Creatures (others)
  A plant (D:8)
1 creature vanquished.

Grand Total: 302 creatures vanquished

Notes
Turn   | Place    | Note
-------+----------+-------------------------------------------
     0 | D:1      | Folque the Draconian Earth Elementalist began the quest for
                  | the Orb.
     0 | D:1      | Reached XP level 1. HP: 14/14 MP: 3/3
    16 | D:1      | You fall through a shaft!
    28 | D:2      | Reached skill level 1 in Fighting
    28 | D:2      | Reached XP level 2. HP: 21/23 MP: 3/5
   686 | D:1      | Reached XP level 3. HP: 21/28 MP: 3/6
   704 | D:1      | Learned a level 2 spell: Passwall
   708 | D:1      | Learned a level 3 spell: Stone Arrow
  1454 | D:2      | Reached XP level 4. HP: 35/36 MP: 0/8
  1765 | D:2      | Found a deep blue altar of Sif Muna.
  1768 | D:2      | Became a worshipper of Sif Muna the Loreminder
  1814 | D:3      | Noticed an ogre
  2053 | D:3      | Reached skill level 1 in Conjurations
  2295 | D:3      | Reached skill level 4 in Earth Magic
  2339 | D:3      | Reached XP level 5. HP: 39/41 MP: 4/10
  2374 | D:3      | Killed an ogre
  2396 | D:3      | Learned a level 5 spell: Lee's Rapid Deconstruction
  2578 | D:3      | Reached XP level 6. HP: 48/48 MP: 5/12
  2817 | D:3      | Found a burning altar of Makhleb.
  2949 | D:4      | Reached * piety under Sif Muna
  2949 | D:4      | Reached skill level 5 in Earth Magic
  3003 | D:4      | Found a staircase to the Ecumenical Temple.
  3133 | D:4      | Your scales start taking on a fiery red colour.
  3133 | D:4      | Reached XP level 7. HP: 55/55 MP: 0/14
  3133 | D:4      | Gained mutation: Your flesh is heat resistant. (rF+) [Red
                  | Draconian growth]
  3280 | D:4      | Reached skill level 6 in Earth Magic
  3343 | D:4      | Found a glowing drain.
  3376 | Sewer    | Entered a sewer
  3446 | Sewer    | Learned a level 4 spell: Petrify
  3557 | Sewer    | Reached skill level 5 in Spellcasting
  3872 | Sewer    | Reached ** piety under Sif Muna
  4169 | D:4      | Reached XP level 8. HP: 61/61 MP: 4/15
  4306 | D:4      | Noticed Ijyb
  4318 | D:4      | Killed Ijyb
  4318 | D:4      | Reached skill level 1 in Short Blades
  4730 | D:5      | Entered Level 5 of the Dungeon
  4742 | D:5      | Found a sand-covered staircase.
  4748 | Ossuary  | Entered an ossuary
  5112 | D:5      | Reached skill level 7 in Earth Magic
  5114 | D:5      | Found a shadowy altar of Dithmenos.
  5352 | D:5      | Reached *** piety under Sif Muna
  5496 | D:5      | Found Omaragif's Antique Weapon Emporium.
  5715 | D:6      | Reached XP level 9. HP: 29/67 MP: 0/16
  5767 | D:6      | Learned a level 3 spell: Dazzling Spray
  6019 | D:6      | Noticed Eustachio
  6022 | D:6      | Killed Eustachio
  6323 | D:7      | Found a stormy altar of Qazlal.
  6410 | D:7      | Reached skill level 1 in Hexes
  6430 | D:7      | Reached skill level 8 in Earth Magic
  6879 | D:7      | Reached **** piety under Sif Muna
  7198 | D:7      | Reached skill level 5 in Stealth
  7198 | D:7      | Reached skill level 5 in Conjurations
  7575 | D:8      | Reached XP level 10. HP: 73/73 MP: 3/17
  7618 | D:8      | Found a bloodstained altar of Trog.
  7795 | D:8      | Found a white marble altar of Elyvilon.
  7796 | D:8      | Found an opulent altar of Gozag.
  7796 | D:8      | Found a sacrificial altar of Ru.
  7948 | D:9      | Reached skill level 9 in Earth Magic
  8014 | D:9      | Reached skill level 1 in Invocations
  8080 | D:9      | Found Haova's General Store.
  8147 | D:9      | Found a bloodstained altar of Trog.
  8356 | D:9      | Found a glowing silver altar of Zin.
  8761 | D:10     | Entered Level 10 of the Dungeon
  8761 | D:10     | Found a staircase to the Orcish Mines.
  8797 | D:10     | Reached ***** piety under Sif Muna
  8814 | D:10     | You fall through a shaft!
  8901 | D:11     | Identified Sif Muna's Collected Works on Evil (Sif Muna
                  | gifted it to you on level 11 of the Dungeon)
  8901 | D:11     | Received a gift from Sif Muna
  9010 | D:11     | Noticed a white ugly thing
  9139 | D:11     | Noticed a skeletal warrior
  9156 | D:11     | HP: 1/73 [white ugly thing (30)]
  9156 | D:11     | Mangled by a skeletal warrior

Skill      XL: |  1  2  3  4  5  6  7  8  9 10 |
---------------+-------------------------------+-----
Fighting       | 1 2 |  2.0
Spellcasting   | 3 4 5 |  5.2
Conjurations   | 1 2 3 5 6 |  6.3
Earth Magic    | 4 5 6 7 8 9 |  9.5
Dodging        | 2 3 4 |  4.7
Stealth        | 2 3 5 |  5.0
Transmutations | 2 3 4 |  4.0
Short Blades   | 3 4 |  4.0
Hexes          | 2 |  2.0
Invocations    | 4 |  4.0

Action                   |  1- 3 |  4- 6 |  7- 9 | 10-12 || total
-------------------------+-------+-------+-------+-------++-------
Melee: Whip              |   120 |   104 |       |       ||   224
       Tailslap          |     8 |    11 |    23 |     4 ||    46
       Dagger            |       |    15 |   238 |    67 ||   320
 Cast: Sandblast         |    12 |    20 |    89 |    28 ||   149
       Stone Arrow       |     2 |    18 |    80 |    24 ||   124
       Lee's Rapid Decon |       |     2 |    13 |     8 ||    23
       Passwall          |       |     1 |     1 |     1 ||     3
       Dazzling Spray    |       |       |     7 |     2 ||     9
       Petrify           |       |       |     4 |     5 ||     9
Invok: Divine Energy     |       |       |     1 |       ||     1
 Abil: Breathe Fire      |       |       |     6 |       ||     6
  Use: Scroll            |       |     3 |    11 |       ||    14
       Potion            |       |       |       |     1 ||     1
 Stab: Sleeping          |     4 |     3 |     4 |     1 ||    12
       Petrified         |       |       |     8 |     7 ||    15
       Invisible         |       |       |     2 |       ||     2
  Eat: Chunk             |     2 |     8 |    21 |     8 ||    39
       Ration            |       |       |     1 |     1 ||     2
Armor: Skin              |    49 |    46 |   141 |    19 ||   255
Dodge: Dodged            |   106 |    83 |   199 |    39 ||   427
